 Dungeon Crawl Stone Soup version 0.29.0-13-gc9e81de378 (webtiles) character file.

Game seed: 15018418186213582989

182 Artool the Ducker (level 5, -1/41 HPs)
             Began as a Demonspawn Gladiator on Sept 7, 2022.
             Slain by an iguana (5 damage)
             ... on level 3 of the Dungeon.
             The game lasted 00:02:55 (2811 turns).

Artool the Ducker (Demonspawn Gladiator)            Turns: 2811, Time: 00:02:56

Health: -1/41      AC:  3    Str: 16    XL:     5   Next: 34%
Magic:  5/5        EV: 12    Int: 10    God:
Gold:   149        SH:  0    Dex: 14    Spells: 4/4 levels left

rFire   . . .      SeeInvis .   u - +0 whip
rCold   . . .      Faith    .   (no shield)
rNeg    . . .      Spirit   .   b - +0 leather armour
rPois   .          Reflect  .   (helmet restricted)
rElec   .          Harm     .   (no cloak)
rCorr   .          Rampage  .   (no gloves)
Will    .....                   (no boots)
Stlth   +.........              (no amulet)
HPRegen 0.13/turn               (no ring)
MPRegen 0.09/turn               (no ring)

@: no status effects
A: horns 1, spiny 1
a: no special abilities


You were on level 3 of the Dungeon.
You visited 1 branch of the dungeon, and saw 3 of its levels.

You collected 149 gold pieces.

Inventory:

Hand Weapons
 a - a +0 flail
 u - a +0 whip (weapon)
Missiles
 d - 3 throwing nets (quivered)
 e - a javelin
Armour
 b - a +0 leather armour (worn)
 c - a +0 helmet
Jewellery
 j - a ring of protection from cold
Scrolls
 f - 3 scrolls of summoning {unknown}
 h - 4 scrolls of identify {unknown}
 i - 2 scrolls of teleportation {unknown}
 k - a scroll of noise {unknown}
 n - a scroll of immolation {unknown}
 o - a scroll of fear {unknown}
 q - 2 scrolls of enchant weapon {unknown}
 r - a scroll of vulnerability {unknown}
 t - 3 scrolls of brand weapon {unknown}
Potions
 g - a potion of invisibility {unknown}
 l - a potion of heal wounds {unknown}
 m - a potion of might {unknown}
 p - a potion of curing {unknown}
 s - a potion of attraction {unknown}


   Skills:
 + Level 3.2 Fighting
 + Level 3.5 Maces & Flails
 - Level 2.0 Throwing
 + Level 2.1 Armour
 + Level 3.5 Dodging


You had 4 spell levels left.
You didn't know any spells.
Your spell library contained the following spells:

 Spells                   Type           Power      Damage    Failure   Level
 Summon Small Mammal      Summ           0%         N/A       43%         1
 Call Canine Familiar     Summ           0%         N/A       80%         3
 Summon Guardian Golem    Hex/Summ       0%         N/A       80%         3


Dungeon Overview and Level Annotations

Branches:
Dungeon (3/15)

Altars:
Cheibriados
Okawaru

Annotations:
D:3 1 transporter, paps's ghost, amateur OpDe


Innate Abilities, Weirdness & Mutations

You have a pair of small horns on your head.
You are partially covered in sharp spines.


Message History

The kobold shouts!
Paps's ghost turns its malevolent gaze towards you.
Paps's ghost whispers, "Be very very quiet, I'm hunting Demonspawn."
Paps's ghost whispers, "You will understand me better in a moment."
Paps's ghost whispers, "Death doesn't hurt.
What you feel is life."
The orc shouts!
Paps's ghost whispers, "The ORB doesn't exist."
Paps's ghost tries to sneak away.
There is a transporter here.
You enter the transporter and appear at another place.
The kobold is struck by your spines.
The kobold hits you with a +0 short sword.
You hit the kobold but do no damage.
The kobold is severely wounded.
The kobold closely misses you.
You hit the kobold but do no damage. Your headbutt misses the kobold.
The kobold is severely wounded.
The orc hits you with a +0 morningstar!
The kobold hits you with a +0 short sword.
The dart slug launches a dart at you.
The slug dart hits you but does no damage.
You hit the kobold.
You kill the kobold!
The orc hits you with a +0 morningstar!
You are too injured to fight recklessly!
You are too injured to fight recklessly!
You are too injured to fight recklessly!
You are too injured to fight recklessly!
You are too injured to fight recklessly!
You are too injured to fight recklessly!
You hit the orc but do no damage. The dart slug launches a dart at you.
The slug dart misses you. The orc hits you with a +0 morningstar.
The iguana is struck by your spines. The iguana bites you!
* * * LOW HITPOINT WARNING * * *
You barely miss the iguana.
You headbutt the iguana, but do no damage.
The iguana is lightly wounded.
The iguana is struck by your spines. The iguana bites you.
You die...

.......########..########.# #...
.......##.............###.# #...
.......#.......©.......##.## #...
....)).#...#########...##..#####.
.......#..##8...$.8##..###....##.
.......#..#........©#..######..#.
..........#..#...#W.#.....# ##...
..........#.#..wol#.#.....# ###.
..........#....©@...#.....# #.
####......#.#.....#.#....#### ##
#......#..#...#..#...##~~####~
#......#.........#...#~~~~~~~~
#......##8.?)..8##...##~~####~
#.......#########.....#~##~~##
#...........©.........#~#~.~~~
######.............#..#~#~~~~~
######..#####.#..#~##~~##


You could see an iguana, paps's ghost, a dart slug and an orc.

Vanquished Creatures
  An iguana (D:2)
  3 gnolls (D:3)
  3 adders
  3 worms
  2 dart slugs
  4 orcs (D:3)
  4 endoplasms
  7 giant cockroaches
  12 hobgoblins
  5 jackals (D:1)
  4 quokkas
  7 ball pythons
  5 bats
  2 frilled lizards
  8 goblins
  5 kobolds
  5 rats
80 creatures vanquished.

Notes
Turn   | Place    | Note
-------+----------+-------------------------------------------
     0 | D:1      | Artool the Demonspawn Gladiator began the quest for the
                  | Orb.
     0 | D:1      | Reached XP level 1. HP: 16/16 MP: 1/1
   141 | D:1      | Gained mutation: You are partially covered in sharp spines.
                  | [demonic ancestry]
   141 | D:1      | Reached XP level 2. HP: 19/22 MP: 2/2
   543 | D:1      | Found a faded altar of an unknown god.
   596 | D:1      | Gained mutation: You have a pair of small horns on your
                  | head. [demonic ancestry]
   596 | D:1      | Reached XP level 3. HP: 28/28 MP: 3/3
   601 | D:1      | Reached skill level 1 in Armour
  1100 | D:2      | Reached XP level 4. HP: 21/34 MP: 4/4
  1617 | D:3      | Found a transporter.
  1623 | D:3      | Found a transporter.
  1623 | D:3      | Noticed paps's ghost (amateur OpDe)
  1638 | D:3      | Found an iron altar of Okawaru.
  2028 | D:3      | Found a glowing drain.
  2032 | D:3      | Reached XP level 5. HP: 33/41 MP: 5/5
  2512 | D:3      | Found a snail-covered altar of Cheibriados.
  2811 | D:3      | Slain by an iguana

Illustrated notes

Levels and vault maps discovered:
D:1:      amcnicky_arrival_wind_blow, layout_rooms, basic_ecumenical_altar
D:2:      layout_basic, minmay_shallow_snake_nest
D:3:      layout_basic, okawaru_trees_2, slow_altar_1, gup_sewer_entry_bubbles,
          gammafunk_ghost_arena

Skill      XL: |  1  2  3  4  5 |
---------------+----------------+-----
Throwing       | 2 |  2.0
Dodging        | 3 |  3.5
Maces & Flails | 3 |  3.5
Armour         | 1 2 |  2.1
Fighting       | 3 |  3.2

Action                   |  1- 3 |  4- 6 || total
-------------------------+-------+-------++-------
Melee: Flail             |    81 |    56 ||   137
       Headbutt          |     4 |    14 ||    18
       Whip              |       |    15 ||    15
 Stab: Sleeping          |     1 |       ||     1
Armor: Leather armour    |    23 |     9 ||    32
Dodge: Dodged            |    54 |    36 ||    90
